 Dungeon Crawl Stone Soup version 0.21.1-1-g345015fe64 (webtiles) character file.

1610 Oravi the Slinger (level 9, -1/59 HPs)
             Began as a Halfling Hunter on Apr 17, 2018.
             Slain by Pikel
             ... wielding a +0 whip of electrocution
              (5 damage)
             ... on level 6 of the Dungeon.
             The game lasted 00:15:57 (6350 turns).

Oravi the Slinger (Halfling Hunter)                 Turns: 6350, Time: 00:15:58

Health: -1/59      AC:  4    Str: 13    XL:     9   Next: 16%
Magic:  9/9        EV: 13    Int: 14    God:
Gold:   275        SH:  8    Dex: 18    Spells: 8/8 levels left

rFire    + . .     SeeInvis .   b - +0 short sword
rCold    . . .     Gourm    .   u - +0 shield
rNeg     . . .     Faith    .   c - +0 leather armour
rPois    .         Spirit   .   j - +0 helmet
rElec    .         Reflect  .   n - scarf {cloud immunity}
rCorr    .         Harm     .   (no gloves)
MR       .....                  (no boots)
Stlth    ++........             (no amulet)
HPRegen  0.19/turn              l - ring of protection from fire
MPRegen  0.11/turn              (no ring)

@: brilliant, flying, hasted, very quick
A: small, mutation resistance 1
a: no special abilities


You were on level 6 of the Dungeon.
You were hungry.

You visited 1 branch of the dungeon, and saw 6 of its levels.
You also visited: Sewer.

You collected 275 gold pieces.

Inventory:

Hand Weapons
 a - a +2 hunting sling
 b - a +0 short sword (weapon)
Missiles
 d - 10 sling bullets
 e - 98 stones (quivered)
Armour
 c - a +0 leather armour (worn)
 j - a +0 helmet (worn)
 n - a scarf of cloud immunity (worn)
 u - a +0 shield (worn)
Jewellery
 l - a ring of protection from fire (left hand)
 y - an uncursed amulet of the gourmand {unknown}
Wands
 q - a wand of iceblast (8)
 r - a wand of acid (5)
 w - a wand of flame (31)
Scrolls
 i - 2 scrolls of magic mapping {unknown}
 k - 7 scrolls of teleportation
 m - 3 scrolls of remove curse
 p - 5 scrolls of fog
 t - a scroll of amnesia {unknown}
 v - 2 scrolls of identify {unknown}
 x - a scroll of fear {unknown}
 B - a scroll of immolation {unknown}
Potions
 g - 2 potions of haste
 h - 2 potions of might
 o - a potion of degeneration
 s - a potion of flight
Comestibles
 f - 15 rations


   Skills:
 + Level 4.6 Fighting
 * Level 5.0 Short Blades
 + Level 11.9 Slings
 + Level 3.0 Armour
 + Level 3.6 Dodging
 - Level 1.1 Stealth
 + Level 1.7 Shields


You had 8 spell levels left.
You didn't know any spells.

Dungeon Overview and Level Annotations

Branches:
Dungeon (6/15)
 Temple: D:4-7

Altars:
Xom
Zin
The Shining One

Shops:
D:6 *

Annotations:
D:6 Pikel


Innate Abilities, Weirdness & Mutations

You are small and have problems with some larger weapons.
You are somewhat resistant to further mutation.


Message History

Pikel hits you with a whip of electrocution.
* * * LOW HITPOINT WARNING * * *
It was a potion of haste.
You feel yourself speed up. Pikel hits you but does no damage.
You hit Pikel.
Pikel is almost dead.
You hit Pikel but do no damage.
Pikel is almost dead.
Pikel says, "You'll fetch a fair price!"
Pikel hits you with a whip of electrocution.
* * * LOW HITPOINT WARNING * * *
It was a potion of flight.
You feel very buoyant.
You fly up into the air.
Pikel closely misses you.
It was a potion of brilliance.
You feel clever all of a sudden.
You closely miss Pikel.
Pikel is almost dead.
Pikel hits you with a whip of electrocution.
You die...

#.# #.# #.#
########
####.#####
#(.....# #######
#........#
#p####.# #......
#.#>..##.# #p#
.# #.#####
#......#.# #p#
.. #.##...
##.#...##.###K#
... #.##.##
.............[@#
p... #......
###.##.###.#####
..pK#####.## #.
#.# #.# ....#
#.## # #+ #.#
#... ..# ###..>
### #.....
#..... #.:...
........


You could see Pikel and 3 slaves.

Vanquished Creatures
  2 water moccasins (D:6)
  Duvessa (D:4)
  A slave (D:6)
  An ogre (D:4)
  3 bullfrogs
  Dowan (D:4)
  2 scorpions (D:6)
  A howler monkey (D:5)
  2 crimson imps (D:5)
  A hound (D:5)
  3 orc wizards
  4 orc priests
  A bullfrog skeleton (D:6)
  An iguana (D:4)
  6 worker ants
  A hound skeleton (D:6)
  8 adders
  4 gnolls (D:2)
  5 river rats (Sewer)
  A shadow imp (D:5)
  3 oozes (Sewer)
  2 worms
  2 dart slugs
  8 leopard geckos
  12 orcs
  9 giant cockroaches
  3 goblins
  2 hobgoblins (D:2)
  9 jackals
  8 kobolds
  4 quokkas
  11 ball pythons
  9 bats
  13 frilled lizards
  A jackal skeleton (D:4)
  A quokka skeleton (D:6)
  28 rats
174 creatures vanquished.

Notes
Turn   | Place    | Note
-------+----------+-------------------------------------------
     0 | D:1      | Oravi the Halfling Hunter began the quest for the Orb.
     0 | D:1      | Reached XP level 1. HP: 14/14 MP: 1/1
   110 | D:1      | Reached skill level 6 in Slings
   165 | D:1      | Reached XP level 2. HP: 19/19 MP: 2/2
   862 | D:2      | Reached XP level 3. HP: 24/24 MP: 3/3
  1001 | D:2      | Found a shimmering altar of Xom.
  1196 | D:2      | Reached skill level 1 in Short Blades
  1197 | D:2      | Reached skill level 7 in Slings
  1197 | D:2      | Reached XP level 4. HP: 26/29 MP: 4/4
  1871 | D:3      | Reached skill level 8 in Slings
  1871 | D:3      | Reached XP level 5. HP: 32/34 MP: 5/5
  2226 | D:3      | Reached skill level 1 in Armour
  2245 | D:3      | Found a glowing golden altar of the Shining One.
  2752 | D:4      | Noticed an ogre
  2772 | D:4      | Killed an ogre
  2772 | D:4      | Reached skill level 9 in Slings
  2772 | D:4      | Reached XP level 6. HP: 15/41 MP: 6/6
  3168 | D:4      | Found a glowing drain.
  3172 | Sewer    | Entered a sewer
  3269 | Sewer    | Reached XP level 7. HP: 45/45 MP: 7/7
  3632 | Sewer    | Reached skill level 10 in Slings
  3889 | D:4      | Noticed Duvessa
  3890 | D:4      | Noticed Dowan
  3900 | D:4      | Killed Dowan
  3921 | D:4      | Killed Duvessa
  3921 | D:4      | Reached skill level 1 in Shields
  3921 | D:4      | Reached XP level 8. HP: 27/52 MP: 8/8
  4468 | D:5      | Entered Level 5 of the Dungeon
  4843 | D:5      | Reached skill level 11 in Slings
  5889 | D:6      | Found a glowing silver altar of Zin.
  6004 | D:6      | Found Ceadoluo's Serpentskin Sales.
  6022 | D:6      | Reached XP level 9. HP: 16/59 MP: 9/9
  6024 | D:6      | Reached skill level 5 in Short Blades
  6314 | D:6      | Noticed Pikel
  6350 | D:6      | Slain by Pikel

Skill      XL: |  1  2  3  4  5  6  7  8  9 |
---------------+----------------------------+-----
Slings         | 6 7 8 9 10 11 | 11.9
Fighting       | 2 3 4 |  4.6
Short Blades   | 1 2 3 4 5 |  5.0
Armour         | 1 2 3 |  3.0
Dodging        | 3 |  3.6
Shields        | 1 |  1.7
Stealth        | |  1.1

Action                   |  1- 3 |  4- 6 |  7- 9 || total
-------------------------+-------+-------+-------++-------
Melee: Short sword       |       |       |    18 ||    18
 Fire: Hunting sling     |    97 |   198 |   360 ||   655
  Use: Scroll            |     2 |     3 |       ||     5
       Potion            |       |       |    11 ||    11
  Eat: Chunk             |     1 |     6 |     8 ||    15
Armor: Leather armour    |     7 |     7 |    18 ||    32
       Skin              |       |       |    35 ||    35
Dodge: Dodged            |    22 |    37 |    71 ||   130
Block: Shield            |       |     2 |    67 ||    69
